 Dungeon Crawl Stone Soup version 0.19-a0-503-g45a6586 (webtiles) character file.

30 Duffy the Skirmisher (level 3, 34/34 HPs)
             Began as a Naga Fighter on June 5, 2016.
             Quit the game on level 2 of the Dungeon.
             The game lasted 00:01:52 (1576 turns).

Duffy the Skirmisher (Naga Fighter)                 Turns: 1576, Time: 00:01:52

Health: 34/34      AC:  4    Str: 19    XL:     3   Next: 18%
Magic:  3/3        EV:  7    Int:  8    God:
Gold:   29         SH:  0    Dex: 10    Spells: 0 memorised, 2 levels left

rFire  . . .     SeeInvis +     n - -1 lajatang (curse)
rCold  . . .     Gourm    .     b - +0 scale mail
rNeg   . . .     Faith    .     (shield currently unavailable)
rPois  +         Spirit   .     (no helmet)
rElec  .         Dismiss  .     (no cloak)
rCorr  .         Reflect  .     (no gloves)
SustAt .         Harm     .     (no barding)
MR     .....                    (no amulet)
Stlth  ..........               (no ring)
                                (no ring)

@: about to teleport, very slow, not resistant to hostile enchantments,
extremely unstealthy
A: see invisible, deformed body, poison resistance, slowness 2, slow metabolism
1, spit poison 2, AC +1
a: Spit Poison


You were on level 2 of the Dungeon.
You were not hungry.

You visited 1 branch of the dungeon, and saw 2 of its levels.

You collected 29 gold pieces.


Innate Abilities, Weirdness & Mutations

You cannot wear boots.
Your serpentine skin is tough. (AC +1)
You have supernaturally acute eyesight. (SInv)
Armour fits poorly on your strangely shaped body.
Your system is resistant to poisons. (rPois)
You cover ground very slowly.
You have a slow metabolism.
You can spit poison.


   Skills:
 - Level 3.0 Fighting
 + Level 2.8 Maces & Flails
 - Level 2.4 Armour
 + Level 3.0 Shields


You had 2 spell levels left.
You didn't know any spells.

Inventory:

Hand Weapons
 a - a +0 flail
 n - a cursed -1 lajatang (weapon)
Armour
 b - a +0 scale mail (worn)
 c - a +0 shield
Potions
 d - a potion of might
 e - a potion of haste {unknown}
 i - 2 potions of curing {unknown}
 j - a potion of flight {unknown}
Comestibles
 f - a bread ration
 g - 3 meat rations
 k - a slice of pizza
 m - a chunk of flesh

Dungeon Overview and Level Annotations

Branches:
Dungeon (2/15)

Altars:
Ru


Message History

HP restored.
A rat comes into view.
You block the rat's attack.
You barely miss the rat. The rat bites you but does no damage.
The rat bites you.
Your shield and scale mail prevent you from hitting the rat.
The rat bites you but does no damage.
You closely miss the rat. The rat bites you.
The rat bites you but does no damage.
You hit the rat.
You kill the rat!
Use which ability? (? or * to list)
Press: ? - help, Shift-Dir - straight line, f - you Really target yourself?
Okay, then.
Unknown command.
You see here a rat corpse.
You butcher the rat corpse.
m - a chunk of flesh A rat comes into view.
There is a stone staircase leading down here.
Use which ability? (? or * to list)
Press: ? - help, Shift-Dir - straight line, f - rat
Aim: a rat The splash of poison hits the rat.
The rat is poisoned.
You kill the rat!
Your Shields skill increases to level 3!
You feel slightly more hungry.
You now have 29 gold pieces (gained 18).
You have got your breath back.
There is a stone staircase leading down here.
You see here 17 arrows.
Found 23 bolts.
Found an escape hatch in the floor.
Found a stone staircase leading down.
Found a runed lajatang.
You see here a runed lajatang.
n - a runed lajatang Take off which item? (? for menu, Esc to quit)
You start removing your armour.
You continue taking off your +0 shield. x4
You finish taking off your +0 shield.
Wield which item (- for none, * to show all)? (? for menu, Esc to quit)
It sticks to your hand!
n - a cursed -1 lajatang (weapon)
As you read the scroll labeled FANYIWNOGRE, it crumbles to dust.
It is a scroll of recharging.
You aren't carrying any rechargeable items.
You can't unwield your weapon to draw a new one!
As you read the scroll labeled JOWNEDOK JUMN, it crumbles to dust.
You feel strangely unstable.
It was a scroll of teleportation.
Are you sure you want to abandon this character and quit the game? (Confirm with "yes".)

.. .# # #. ####.#
.##.#####....###
............>.
#.#...#>...###
#.(........... #
####....##.#.# #
#.###............###
#..@..##.#.###......
########.#.###.####.
#.#........#.
#.#..#####..) #.#..#
#.## #.#..# #.##
#....# #...
###..#####.##
#........##


There were no monsters in sight!

Action                   || total
-------------------------++-------
Melee: Flail             ||    50
 Abil: Spit Poison       ||    19
  Use: Scroll            ||     2
  Eat: Chunk             ||     2
Armor: Scale mail        ||    28
Dodge: Dodged            ||    13
Block: Shield            ||    19

Notes
Turn   | Place    | Note
--------------------------------------------------------------
     0 | D:1      | Duffy the Naga Fighter began the quest for the Orb.
     0 | D:1      | Reached XP level 1. HP: 21/21 MP: 1/1
   277 | D:2      | Reached XP level 2. HP: 26/28 MP: 2/2
  1230 | D:2      | Reached XP level 3. HP: 32/34 MP: 3/3
  1379 | D:2      | Found a sacrificial altar of Ru.
  1512 | D:2      | Reached skill level 3 in Shields
  1576 | D:2      | Quit the game

Skill      XL: |  1  2  3 |
---------------+----------+-----
Shields        | 3 |  3.0
Fighting       | |  3.0
Maces & Flails | |  2.8
Armour         | |  2.4

Vault maps used:
D:1:      dpeg_arrival_stonehenge_8_columns, serial_corexii_hall,
          corexii_hall_statues_l, corexii_hall_statues_l, serial_bayou_pond_e,
          minmay_unequal
D:2:      nicolae_overflow_hidden_temple

Vanquished Creatures
  2 worms
  A giant gecko
  A bat
  2 goblins
  4 hobgoblins
  A jackal
  6 kobolds
  5 rats
22 creatures vanquished.
